 Dungeon Crawl Stone Soup version 0.24.0-1-gfbc8707 (webtiles) character file.

Game seed: 2751880668414065810, levelgen mode: deterministic

2969 Fang the Fighter (level 9, 0/60 HPs)
             Began as a Gargoyle Berserker on Oct 28, 2019.
             Was a Priest of Trog.
             Killed by divine providence
             ... invoked by an orc priest
              (14 damage)
             ... on level 7 of the Dungeon on Oct 29, 2019.
             The game lasted 00:08:39 (7463 turns).

Fang the Fighter (Gargoyle Berserker)               Turns: 7463, Time: 00:08:41

Health: 0/60       AC: 19    Str: 24    XL:     9   Next: 82%
Magic:  9/9        EV:  8    Int:  3    God:    Trog [***...]
Gold:   390        SH:  0    Dex:  9    Spells: 8/8 levels left

rFire    + . .     SeeInvis .   a - +0 war axe
rCold    x . .     Gourm    +   (no shield)
rNeg     + . .     Faith    .   b - +0 plate armour
rPois    ∞         Spirit   .   (no helmet)
rElec    +         Reflect  .   (no cloak)
rCorr    .         Harm     .   (no gloves)
MR       .....                  (no boots)
Stlth    ..........             g - amulet of the gourmand
HPRegen  0.20/turn              F - ring of fire
MPRegen  0.11/turn              B - -5 ring of intelligence (curse)

@: berserk cooldown, slowed, very slow
A: negative energy resistance 1, electricity resistance, unbreathing,
petrification resistance, rot immunity, AC +6
a: Berserk, Trog's Hand, Renounce Religion


You were on level 7 of the Dungeon.
You worshipped Trog.
Trog was most pleased with you.
You were not hungry.

You visited 2 branches of the dungeon, and saw 8 of its levels.
You also visited: Sewer.

You collected 390 gold pieces.

Inventory:

Hand Weapons
 a - a +0 war axe (weapon)
Armour
 b - a +0 plate armour (worn)
Jewellery
 g - an amulet of the gourmand (around neck)
 l - an uncursed ring of protection from magic
 B - a cursed -5 ring of intelligence (right hand)
 F - a ring of fire (left hand)
Wands
 v - a wand of polymorph (2)
 y - a wand of flame (35)
 C - a wand of random effects (16)
Scrolls
 e - 3 scrolls of enchant armour {unknown}
 f - 10 scrolls of identify {unknown}
 i - 2 scrolls of magic mapping {unknown}
 n - 5 scrolls of fear {unknown}
 o - 4 scrolls of amnesia {unknown}
 p - 2 scrolls of random uselessness {unknown}
 q - 2 scrolls of remove curse {unknown}
 r - a scroll of immolation {unknown}
 s - a scroll of blinking {unknown}
 u - a scroll of fog {unknown}
 x - a scroll of enchant weapon {unknown}
 A - 2 scrolls of teleportation {unknown}
Potions
 d - 3 potions of heal wounds {unknown}
 h - 3 potions of brilliance {unknown}
 j - 3 potions of mutation {unknown}
 k - a potion of curing {unknown}
 m - a potion of agility {unknown}
 t - a potion of invisibility
 w - 2 potions of ambrosia {unknown}
 z - a potion of degeneration {unknown}
 E - a potion of flight {unknown}
Comestibles
 c - 14 rations
 D - 5 chunks of flesh


   Skills:
 * Level 9.0 Fighting
 * Level 7.5 Axes
 + Level 6.4 Armour
 + Level 4.8 Dodging


You had 8 spell levels left.
You didn't know any spells.
Your spell library was empty.

Dungeon Overview and Level Annotations

Branches:
Dungeon (7/15)             Temple (1/1) D:5           Sewer (visited)

Altars:
Fedhas
Nemelex Xobeh
Sif Muna
Yredelemnul
The Shining One


Innate Abilities, Weirdness & Mutations

You are resistant to torment.
Your stone body is resilient. (AC +6)
You are immune to poison.
You resist negative energy. (rN+)
You are resistant to electric shocks. (rElec)
You can survive without breathing.
You are immune to petrification.
You are immune to rotting.


Message History

Your plate armour prevents you from hitting the orc wizard.
The orc wizard is moderately wounded.
You hit something but do no damage. You hit the hungry ghost.
You hear something invoke the aid of Beogh against you.
Pain shoots through your body!
* * * LOW HITPOINT WARNING * * *
The orc wizard hits you but does no damage.
The hungry ghost completely misses you.
The orc wizard miscasts a cantrip.
The hungry ghost hits you.
You feel a lot more hungry.
You slash the orc wizard!
You kill the orc wizard!
Trog accepts your kill.
Trog appreciates your killing of a magic user.
You closely miss the hungry ghost. You hit something.
The orc throws a stone.
The stone barely misses you. The shadow imp puffs mist at you.
You hear something mumble some strange prayers to Beogh against you.
Beogh smites you!
You die...

####..#.# ##.#.#
#.#.# #...# #######
##..# #.....#
##..###.....#
#.....÷.....#
#..?###...{.#
........##..o)@###
#............5W...#
..........##.####.#
...[(..>..##.# (#
...####+#..... .
### ###.# #. #.# .#
#.# # #.


You could see a hungry ghost, a shadow imp and an orc.

Vanquished Creatures
  Pikel (D:4)
  The ghost of ythm the Cleaver, an amateur MiBe of Trog (D:4)
  Grinder (D:5)
  A human (D:3)
  Edmund (D:4)
  Purgy (Sewer)
  2 sky beasts (D:5)
  An orc warrior (D:7)
  An ice beast (D:6)
  A phantom (D:4)
  A necrophage (D:6)
  A slave (D:4)
  An ogre (D:7)
  2 centaurs
  Blork the orc (D:4)
  2 scorpions
  2 crimson imps
  A bullfrog skeleton (D:7)
  3 orc priests
  2 hounds
  2 orc wizards
  6 worker ants
  A worker ant zombie (D:5)
  10 gnolls
  13 adders
  2 shadow imps
  3 worms
  2 dart slugs
  7 leopard geckos
  11 orcs
  8 bats
  12 giant cockroaches
  8 goblins
  5 hobgoblins
  5 kobolds
  2 quokkas
  A ball python (D:1)
  8 frilled lizards
  A goblin zombie (D:3)
  A leopard gecko zombie (D:5)
  A quokka zombie (D:6)
  6 rats
142 creatures vanquished.

Notes
Turn   | Place    | Note
-------+----------+-------------------------------------------
     0 | D:1      | Fang the Gargoyle Berserker began the quest for the Orb.
     0 | D:1      | Reached XP level 1. HP: 14/14 MP: 1/1
   162 | D:1      | Reached XP level 2. HP: 13/19 MP: 2/2
   739 | D:1      | Reached XP level 3. HP: 23/23 MP: 3/3
  1007 | D:2      | Reached ** piety under Trog
  1412 | D:2      | Reached XP level 4. HP: 27/29 MP: 4/4
  1508 | D:2      | Found a glowing golden altar of the Shining One.
  1534 | D:2      | Reached skill level 4 in Fighting
  1586 | D:2      | Found a blossoming altar of Fedhas.
  2111 | D:3      | Reached XP level 5. HP: 19/33 MP: 5/5
  2112 | D:3      | Found a runed translucent door.
  2112 | D:3      | Noticed a human
  2291 | D:3      | Found a basalt altar of Yredelemnul.
  2324 | D:3      | Killed a human
  2324 | D:3      | Reached XP level 6. HP: 40/40 MP: 6/6
  2886 | D:3      | Reached skill level 5 in Fighting
  3058 | D:4      | Noticed Blork the orc
  3061 | D:4      | Noticed Edmund
  3072 | D:4      | Killed Blork the orc
  3076 | D:4      | Killed Edmund
  3076 | D:4      | Reached XP level 7. HP: 5/44 MP: 7/7
  3468 | D:4      | Found a glowing drain.
  3478 | Sewer    | Entered a sewer
  3487 | Sewer    | Noticed Purgy
  3498 | Sewer    | Killed Purgy
  3905 | D:4      | Reached skill level 6 in Fighting
  3905 | D:4      | Reached skill level 5 in Axes
  4028 | D:4      | Reached *** piety under Trog
  4031 | D:4      | Reached XP level 8. HP: 32/51 MP: 8/8
  4225 | D:4      | Found a runed translucent gate.
  4225 | D:4      | Found a runed translucent gate.
  4225 | D:4      | Found a runed translucent gate.
  4225 | D:4      | Noticed ythm's ghost (amateur MiBe)
  4293 | D:4      | Noticed Pikel
  4304 | D:4      | Killed Pikel
  4304 | D:4      | Reached skill level 7 in Fighting
  4304 | D:4      | Reached skill level 5 in Armour
  4742 | D:4      | Killed ythm's ghost
  4818 | D:5      | Entered Level 5 of the Dungeon
  4960 | D:5      | Reached XP level 9. HP: 34/58 MP: 9/9
  5189 | D:5      | Found a staircase to the Ecumenical Temple.
  5217 | D:5      | Noticed Grinder
  5220 | Temple   | Entered the Ecumenical Temple
  5268 | D:5      | Killed Grinder
  5268 | D:5      | Reached skill level 8 in Fighting
  6295 | D:6      | Found a sparkling altar of Nemelex Xobeh.
  6834 | D:7      | Found a shimmering blue altar of Sif Muna.
  7146 | D:7      | HP: 1/90 [ogre/+0 giant club (11)]
  7371 | D:7      | Reached skill level 9 in Fighting
  7463 | D:7      | Killed from afar by an orc priest

Levels and vault maps discovered:
D:1:      matt_arrival_refuge, layout_basic, minmay_box_of_dots
D:2:      layout_basic, minitemple, first_ration
D:3:      layout_loops_corners, minmay_misc_feat_secret_circle,
          dk_yredelemnul_ordeal
D:4:      layout_basic, portal_sewer_entry_f, ebering_ghost_rock_garden,
          uniq_edmund, uniq_blork_the_orc, uniq_pikel
D:5:      layout_layer_cave, minmay_temple_entry_sparse_star, uniq_grinder
D:6:      layout_loops_cross, nemelex_xobeh_ov_fountains_minmay, minivault_19
D:7:      layout_basic, basic_altar
Temple:   dpeg_five_rooms_temple

Skill      XL: |  1  2  3  4  5  6  7  8  9 |
---------------+----------------------------+-----
Axes           | 3 4 5 6 7 |  7.5
Dodging        | 2 3 4 |  4.8
Armour         | 3 4 5 6 |  6.4
Fighting       | 4 5 6 7 9 |  9.0

Action                   |  1- 3 |  4- 6 |  7- 9 || total
-------------------------+-------+-------+-------++-------
Melee: Hand axe          |   112 |   117 |       ||   229
       War axe           |       |    28 |   330 ||   358
Invok: Berserk           |       |     3 |     9 ||    12
       Trog's Hand       |       |       |     2 ||     2
 Stab: Sleeping          |       |       |     1 ||     1
  Eat: Chunk             |    22 |     7 |    24 ||    53
Armor: Animal skin       |    42 |    42 |   130 ||   214
       Plate armour      |       |       |    37 ||    37
       Chain mail        |       |       |    36 ||    36
Dodge: Dodged            |    80 |   102 |   269 ||   451
